 Dungeon Sprint DCSS version 0.28.0-45-g0d030f2227 (webtiles) character file.

Game seed: 6522031417307579729

253 McKennaii the Covered (level 5, -22/52 HPs)
             Began as a Demigod Fighter on Apr 18, 2022.
             Annihilated by a two-headed ogre
             ... wielding a +0 giant club
              (28 damage)
             ... in the Dungeon (Sprint IX: "|||||||||||||||||||||||||||||").
             The game lasted 00:02:08 (330 turns).

McKennaii the Covered (Demigod Fighter)              Turns: 330, Time: 00:02:09

Health: -22/52     AC: 10    Str: 24    XL:     5   Next: 58%
Magic:  7/7        EV: 11    Int: 10    God:
Gold:   0          SH:  0    Dex: 16    Spells: 4/4 levels left

rFire   . . .      SeeInvis .   n - +2 halberd (venom)
rCold   . . .      Faith    .   (shield currently unavailable)
rNeg    . . .      Spirit   .   p - +1 scale mail
rPois   .          Reflect  .   (no helmet)
rElec   .          Harm     .   o - +0 cloak
rCorr   .          Rampage  .   (no gloves)
Will    .....      NoTele   +   (no boots)
Stlth   ..........              (no amulet)
HPRegen 0.17/turn               b - +3 ring of dexterity
MPRegen 0.10/turn               q - +3 ring of strength

@: no status effects
A: high MP 1, forlorn, divine attributes
a: no special abilities


You were in the Dungeon.
You visited 1 branch

Inventory:

Hand Weapons
 a - a +0 trident
 n - a +2 halberd of venom (weapon)
Armour
 c - a +0 buckler
 o - a +0 cloak (worn)
 p - a +1 scale mail (worn)
Jewellery
 b - a +3 ring of dexterity (left hand)
 q - a +3 ring of strength (right hand)
Wands
 m - a wand of iceblast (10)
Scrolls
 j - 2 scrolls of blinking
 l - 2 scrolls of amnesia
Potions
 d - a potion of might
 e - a potion of invisibility
 f - 2 potions of heal wounds
 g - a potion of haste
 h - 4 potions of magic
 i - a potion of berserk rage
 k - 4 potions of curing


   Skills:
 + Level 7.0 Fighting
 + Level 4.6 Polearms
 + Level 7.6 Armour
 + Level 2.0 Dodging
 - Level 4.0 Shields


You had 4 spell levels left.
You didn't know any spells.
Your spell library was empty.

Dungeon Overview and Level Annotations

Branches:
Dungeon (1/1)


Innate Abilities, Weirdness & Mutations

You have an increased reservoir of magic. (+10% MP)
You shall have no god before yourself.
Your divine heritage dramatically boosts your attributes as you level up.


Message History

You start putting on your armour.
You continue putting on your +1 scale mail. x5
You finish putting on your +1 scale mail.
You drop a +0 scale mail.
b - a +3 ring of dexterity
q - a +3 ring of strength You feel agile.
b - a +3 ring of dexterity (left hand)
You feel stronger.
q - a +3 ring of strength (right hand)
You start resting.
HP restored.
You open the door.
A two-headed ogre, 3 zombies, a shadow and a vampire mosquito come into view.
The two-headed ogre shouts in stereo!
The vampire mosquito buzzes angrily.
You barely miss the two-headed ogre.
The two-headed ogre hits you with a +0 giant club!
The two-headed ogre hits you with a +0 dire flail!
You puncture the two-headed ogre!
The two-headed ogre is poisoned.
The two-headed ogre is lightly wounded.
The two-headed ogre hits you with a +0 giant club!
The two-headed ogre barely misses you.
You see here a +0 scale mail.
You see here a +0 cloak.
The shadow slips into darkness.
The shadow flickers and vanishes!
Deactivating autopickup; reactivate with Ctrl-A.
Items here: ))))).
You hit the two-headed ogre.
The two-headed ogre is moderately wounded.
The two-headed ogre hits you with a +0 giant club!!
* * * LOW HITPOINT WARNING * * *
The two-headed ogre closely misses you.
Unknown command.
You slash the two-headed ogre!
The two-headed ogre looks as sick as possible!
The two-headed ogre is heavily wounded.
The two-headed ogre hits you with a +0 giant club!!
Ouch! That really hurt!
You die...

▓_▓
▓_▓
▓_▓
▓_▓
▓_▓
▓_▓
▓_▓
▓'▓
▓@▓
▓O▓
▓)▓
▓Z▓
▓y▓
▓[▓
▓Z▓
▓Z▓
▓.▓


You could see a two-headed ogre (extremely poisoned), a vampire mosquito, a ball
python zombie, an adder zombie and a quokka zombie.

Vanquished Creatures
  A water moccasin (D)
  2 scorpions (D)
  An orc priest (D)
  A bat zombie (D)
  2 goblins (D)
  A hobgoblin (D)
  A bat (D)
  A frilled lizard (D)
10 creatures vanquished.

Notes
Turn   | Place    | Note
-------+----------+-------------------------------------------
     0 | D        | McKennaii the Demigod Fighter began the quest for the Orb.
     0 | D        | Reached XP level 1. HP: 18/18 MP: 3/3
    23 | D        | Noticed an orc priest
    23 | D        | Noticed a scorpion
    23 | D        | Noticed a water moccasin
    23 | D        | Noticed a scorpion
    28 | D        | Killed an orc priest
    29 | D        | Reached XP level 2. HP: 23/27 MP: 4/4
    29 | D        | Reached XP level 3. HP: 29/33 MP: 5/5
    36 | D        | Killed a scorpion
    37 | D        | Reached skill level 5 in Fighting
    37 | D        | Reached skill level 5 in Armour
    37 | D        | Reached XP level 4. HP: 38/42 MP: 6/6
    54 | D        | Killed a water moccasin
    55 | D        | Reached skill level 1 in Dodging
    55 | D        | Reached XP level 5. HP: 25/51 MP: 7/7
   318 | D        | Noticed a two-headed ogre
   318 | D        | Noticed a shadow
   318 | D        | Noticed a vampire mosquito
   330 | D        | Annihilated by a two-headed ogre

Illustrated notes

Levels and vault maps discovered:
D:        linesprint [early_d, line_temple, items_1, d_10, items_2, lair_1,
          lair_end, items_3, orc_1, orc_end, items_4, d_15, swamp_1, shoals_1,
          snake_1, spider_1, d_20, vaults_1, items_5, swamp_end, shoals_end,
          snake_end, spider_end, vaults_end, d_27, items_6, zot_1, zot_end,
          crypt_end, forest_end, elf_end, slime_end, tomb_end, abyss_end,
          pan_hell_end]

Skill      XL: |  1  2  3  4  5 |
---------------+----------------+-----
Fighting       | 4 5 6 7 |  7.0
Armour         | 4 5 7 |  7.6
Shields        | 4 |  4.0
Polearms       | 2 3 4 |  4.6
Dodging        | 1 2 |  2.0

Action                   |  1- 3 |  4- 6 || total
-------------------------+-------+-------++-------
Melee: Trident           |     7 |       ||     7
       Dagger            |     8 |    24 ||    32
       Halberd           |       |     4 ||     4
  Use: Potion            |       |     2 ||     2
Armor: Scale mail        |     2 |     9 ||    11
Dodge: Dodged            |     4 |    20 ||    24
Block: Buckler           |     3 |     5 ||     8
